 Dungeon Crawl Stone Soup version 0.30.1 (webtiles) character file.

Game seed: 598013239594339459

8 Graphine the Shooter (level 2, 18/22 HPs)
             Began as a Demonspawn Hunter on July 9, 2023.
             Quit the game on level 1 of the Dungeon.
             The game lasted 00:00:37 (90 turns).

Graphine the Shooter (Demonspawn Hunter)              Turns: 90, Time: 00:00:37

Health: 18/22      AC:  3    Str: 11    XL:     2   Next: 0%
Magic:  2/2        EV: 12    Int: 10    God:
Gold:   14         SH:  0    Dex: 16    Spells: 1/1 levels left

rFire   . . .        a - +0 shortbow
rCold   . . .        (shield currently unavailable)
rNeg    . . .        c - +0 leather armour
rPois   .            (no helmet)
rElec   .            (no cloak)
rCorr   .            (no gloves)
SInv    .            (no boots)
Will    .....        (no amulet)
Stlth   ++           (no ring)
HPRegen 0.23/turn    (no ring)
MPRegen 0.08/turn

%: no passive effects
@: no status effects
A: demonic touch 1
a: no special abilities


You were on level 1 of the Dungeon.
You visited 1 branch of the dungeon, and saw 1 of its levels.

You collected 14 gold pieces.

Inventory:

Hand Weapons
 a - a +0 shortbow (weapon)
 d - a +0 shortbow
Armour
 c - a +0 leather armour (worn)
Scrolls
 b - a scroll of immolation


   Skills:
 + Level 2.2 Fighting
 + Level 3.7 Ranged Weapons
 + Level 2.0 Dodging
 - Level 1.0 Stealth


You had one spell level left.
You didn't know any spells.
Your spell library was empty.

Dungeon Overview and Level Annotations

Branches:
Dungeon (1/15)

Altars:


Innate Abilities, Weirdness & Mutations

Your touch may inflict minor irresistible damage on your foes.


Message History

The bat closely misses you.
You shoot an arrow. The bat barely misses you.
You shoot an arrow. The arrow hits the bat!
You kill the bat!
Your Stealth skill increases to level 1!
A quokka comes into view.
You see here 2 gold pieces.
You shoot an arrow. The arrow hits the quokka.
You kill the quokka!
You now have 14 gold pieces (gained 2).
An endoplasm comes into view.
You shoot an arrow.
The arrow completely misses the endoplasm.
The endoplasm quivers.
You shoot an arrow. The arrow barely misses the endoplasm.
You shoot an arrow. The arrow hits the endoplasm!
You kill the endoplasm!
You open the door.
Found a short sword.
A rat and a dart slug come into view.
There is an open door here.
You shoot an arrow.
The arrow hits the rat but does no damage.
You shoot an arrow. The arrow hits the rat.
You kill the rat!
You shoot an arrow. The arrow hits the dart slug!
The dart slug is severely wounded.
You shoot an arrow.
The arrow hits the dart slug but does no damage.
The dart slug is severely wounded.
The dart slug launches a dart at you. The slug dart hits you.
You shoot an arrow. The arrow hits the dart slug!
You kill the dart slug!
Your Dodging skill increases to level 2!
You have reached level 2!
Your demonic ancestry asserts itself...
Your hands begin to faintly glow with unholy energy.
Unknown command.
Are you sure you want to abandon this character and quit the game? (Confirm with "yes".)

.............†..............#
...........#######.##########
#.........## ..#.#
#.........# #.#.# #.........#
#.#.# ####..†#### # #.#.#
#...# #.##.#.# ####...####
#......# #.........# ####@###
#.........# #.........
#.........# #.........
####...#### #......... #...#
#......... ####..[####
#.†..).†.. #.........#
#......... #.......^.#
#......... #.........#


There were no monsters in sight!

Vanquished Creatures
  A dart slug (D:1)
  An endoplasm (D:1)
  A quokka (D:1)
  2 bats (D:1)
  A rat (D:1)
6 creatures vanquished.

Notes
Turn   | Place    | Note
-------+----------+-------------------------------------------
     0 | D:1      | Graphine the Demonspawn Hunter began the quest for the Orb.
     0 | D:1      | Reached XP level 1. HP: 16/16 MP: 1/1
    39 | D:1      | Reached skill level 1 in Stealth
    90 | D:1      | Gained mutation: Your touch may inflict minor irresistible
                  | damage on your foes. [demonic ancestry]
    90 | D:1      | Reached XP level 2. HP: 18/22 MP: 2/2
    90 | D:1      | Quit the game

Illustrated notes

Levels and vault maps discovered:
D:1:      minmay_arrival_hallway, layout_basic,
          chequers_ecumenical_altar_simple_redux, nicolae_hexahallways

Skill      XL: |  1 |
---------------+----+-----
Stealth        | 1 |  1.0
Dodging        | 2 |  2.0
Fighting       | |  2.2
Ranged Weapons | |  3.7

Action                     || total
---------------------------++-------
   Fire: Shortbow          ||    19
 Armour: Leather armour    ||     2
  Dodge: Dodged            ||     7
